[Event "Germany Countries-chT Youth 2022"]
[Site "Wiesbaden"]
[Date "2022.10.01"]
[Round "1"]
[White "Schmider, Niklas"]
[Black "Färber, David"]
[Result "0-1"]
[ECO "A07"]
[WhiteElo "2407"]
[BlackElo "2354"]
[Annotator "TA"]
[PlyCount "84"]
[EventDate "2022.09.28"]
[EventType "team-tourn"]
[EventRounds "7"]
[EventCountry "GER"]
[SourceTitle "playchess.com"]
[Source "ChessBase"]
[SourceQuality "1"]
[TimeControl "40/5400+30:1800+30"]

1. Nf3 Nf6 2. g3 d5 3. Bg2 Bg4 4. h3 Bxf3 5. Bxf3 e5 6. d3 {[%emt 0:01:24] A07: Réti Opening: New York and Capablanca Systems.} c6 7. O-O Bc5 {[%emt 0:01:54] is cutting edge theory.} 8. e4 {[%emt 0:02:56] The position is equal.} O-O 9. exd5 Nxd5 10. Nc3 Nxc3 11. bxc3 {[%emt 0:00:12] [#]} Qd6 $146 ({Predecessor:} 11... Nd7 12. Rb1 Qc7 13. Re1 f5 14. d4 Bd6 15. Qe2 Rae8 16. Qc4+ Kh8 17. Qb3 e4 {0-1 (23) Petruzzelli,R (2018)-Tanti,J (2236) ICCF email 2019}) 12. Rb1 Bb6 13. Bd2 Nd7 14. Bg2 Rab8 15. Qe2 Rfd8 16. Rfe1 Qa3 17. c4 Ba5 {[%emt 0:06:34] Prevents Bb4.} 18. Bxa5 Qxa5 19. Rb2 Qc7 20. Qe3 b6 21. Qf3 Rbc8 22. Rbb1 Qd6 23. h4 Rc7 24. Bh3 f6 25. h5 Nc5 26. h6 g6 27. Re3 (27. Rbd1 $11 {deserves consideration.}) 27... Qf8 28. Rbe1 Rd6 29. c3 Qxh6 30. Bf1 Rf7 {[%emt 0:03:14] Black is more active.} ({Black should try} 30... Qh5 $15 31. Qxh5 gxh5) 31. d4 $1 $11 Ne6 $36 {[%emt 0:03:20][%cal Bc5e6,Be6g5,Bg5f3][%mdl 2080] Black is pushing.} 32. c5 bxc5 33. dxe5 fxe5 34. Qe2 {[%emt 0:00:11] [#]} (34. Qg4 $11 Nc7 35. Qc4) 34... Ng5 $1 $17 {[%emt 0:00:32][%cal Od6d2] Threatens to win with ...Rd2!} 35. Bg2 e4 36. Rf1 {[%emt 0:00:34] [#]} Rdf6 $1 {[%emt 0:01:24][%cal Bd6f6,Bf6f5,Bf5h5,Bh5h1][%mdl 32] White must now prevent ...Nf3+.} 37. Qg4 Rf5 {[%emt 0:00:48] Strongly threatening ...Nf3+.} 38. Re2 $2 (38. Qh4 Nf3+ 39. Bxf3 Qxh4 40. gxh4 Rxf3 41. Rxe4) 38... Nf3+ $19 39. Bxf3 exf3 40. Re3 Rh5 {[%emt 0:00:28][%csl Gh6][%cal Rh5h1] Black mates.} 41. Rxf3 Rh1+ 42. Kg2 Qh2# {[%emt 0:00:06] Weighted Error Value: White=0.45/Black=0.07 (flawless)} 0-1

[Event "Germany Countries-chT Youth 2022"]
[Site "Wiesbaden"]
[Date "2022.10.01"]
[Round "1"]
[White "Weishaeutel, Moritz"]
[Black "Stelmaszyk, Nico"]
[Result "1/2-1/2"]
[ECO "D31"]
[WhiteElo "2401"]
[BlackElo "2355"]
[Annotator "TA"]
[PlyCount "87"]
[EventDate "2022.09.28"]
[EventType "team-tourn"]
[EventRounds "7"]
[EventCountry "GER"]
[SourceTitle "playchess.com"]
[Source "ChessBase"]
[SourceQuality "1"]
[TimeControl "40/5400+30:1800+30"]

1. d4 d5 2. c4 e6 3. Nc3 a6 4. cxd5 exd5 5. Bf4 Nf6 6. e3 {[%emt 0:00:11] D31: Queen's Gambit Declined: Semi-Slav without ...Nf6 (+ Marshall Gambit and Noteboom) and Exchange Variation lines without ...Nf6.} Bd6 7. Bg5 c6 8. Bd3 Be6 9. Nge2 Nbd7 10. Nf4 Qc7 {[%emt 0:06:50] [#]} 11. Nxe6 $146 ({Predecessor:} 11. Qc2 O-O-O 12. O-O-O h6 13. Nxe6 fxe6 14. Bh4 g5 15. Bg3 e5 16. Kb1 e4 17. Be2 {½-½ (42) Grandelius,N (2651)-Tristan,L (2535) Chess.com INT 2020}) 11... fxe6 12. Qf3 O-O-O 13. Qh3 e5 14. O-O {[%emt 0:03:46] And now Bxf6 would win.} Kb8 15. Bf5 (15. Na4 $15) 15... h6 $17 16. Bh4 {[%emt 0:03:02] [#]} g5 $1 17. Bg3 {[%emt 0:00:09] [#]} h5 $1 18. dxe5 Nxe5 19. f4 Nf7 {[%emt 0:05:25] Threatens to win with ...h4. Pair of Knights!} 20. Be6 (20. fxg5 $17 Nxg5 21. Qh4 Bxg3 22. hxg3) 20... h4 $19 21. Be1 Qe7 22. e4 (22. Bxf7 $2 g4 23. Qxh4 (23. Nxd5 $2 cxd5 24. Qxh4 Rxh4 $19) 23... Rxh4 24. Bxh4 Qxf7 $19) 22... Bxf4 23. exd5 cxd5 {[%emt 0:00:52] ...d4 is the strong threat.} 24. Bxf7 Qxf7 25. Ne2 Ne4 (25... Be5 $19 {Hoping for ...d4.} 26. Bf2 d4) 26. Qf3 (26. Bc3 $17 {was worth a try.}) 26... Rdf8 ({Black should play} 26... Ka8 $19 27. Rd1 (27. Nxf4 gxf4 28. Qxf4 Qg7 $17) 27... Qg6) 27. Nxf4 $17 Qxf4 ({Better is} 27... gxf4 $17 28. Bb4 Qe6 29. Bxf8 Qb6+ 30. Rf2 (30. Bc5 Qxc5+ 31. Rf2 Qxf2+ 32. Qxf2 Nxf2 $17) 30... Rxf8) 28. Qxf4+ Rxf4 (28... gxf4 $17 29. Rd1 Rhg8) 29. Rxf4 $11 gxf4 $17 {[%emt 0:00:02][%mdl 4096] Endgame KRB-KRN} 30. Rd1 Rh5 31. Rd3 h3 32. Rf3 hxg2 33. Rxf4 {[%emt 0:00:03] The position is equal.} Rh3 34. Bg3 {[%emt 0:02:11][%mdl 64] Decoy} Nxg3 (34... Kc8 {feels hotter.} 35. Rh4 Rxh4 36. Bxh4 Kd7) 35. Kxg2 Rh7 36. Kxg3 $11 {[%emt 0:00:11] KR-KR} Kc7 37. Rf2 Rg7+ 38. Kf4 Rf7+ 39. Ke3 d4+ 40. Ke2 Rh7 ({Don't do} 40... d3+ 41. Ke3 Rh7 42. Kxd3 $14) 41. Kd3 Rh4 42. Kc4 Kc6 43. Rf6+ Kc7 44. Rf2 {[%emt 0:00:08] White happily takes the draw.  Weighted Error Value: White=0.15 (very precise) /Black=0.15 (very precise)} 1/2-1/2

[Event "Germany Countries-chT Youth 2022"]
[Site "Wiesbaden"]
[Date "2022.10.01"]
[Round "1"]
[White "Kolb, Tobias"]
[Black "Hassemeier, Mika"]
[Result "1-0"]
[ECO "E46"]
[WhiteElo "2357"]
[BlackElo "2095"]
[Annotator "TA"]
[PlyCount "109"]
[EventDate "2022.09.28"]
[EventType "team-tourn"]
[EventRounds "7"]
[EventCountry "GER"]
[SourceTitle "playchess.com"]
[Source "ChessBase"]
[SourceQuality "1"]
[TimeControl "40/5400+30:1800+30"]

1. d4 Nf6 2. c4 e6 3. Nc3 Bb4 4. e3 O-O 5. Nge2 c6 6. a3 {E46: Nimzo-Indian: Rubinstein: 4 e3 0-0 5 Ne2 without early Bd3.} Ba5 7. b4 Bc7 8. e4 {The position is equal.} d5 9. e5 Ne8 10. Ng3 f6 11. f4 a5 {[#]} (11... c5 $5 12. bxc5 Ba5 $15) 12. b5 $146 ({Predecessor:} 12. Rb1 axb4 13. axb4 g5 14. Bd3 gxf4 15. Bxf4 fxe5 16. Bxh7+ Kxh7 17. Qh5+ Kg8 18. Qg6+ Ng7 19. Nh5 Qh4+ {0-1 (19) Mohammed,Z (2261)-Maghsoodloo,P (2636) Hamedan 2018}) 12... Nd7 (12... a4 $15) 13. cxd5 $1 $11 cxd5 14. Be3 fxe5 15. fxe5 Qh4 {[%cal Od7e5] aiming for ...Nxe5!} 16. Qh5 Qxh5 17. Nxh5 g6 (17... a4 $5 ) 18. Ng3 Bb6 (18... Nb6 $11) 19. Na4 $14 Ba7 20. Kd2 Ng7 21. Bd3 (21. Rc1 {looks sharper.} Nb6 22. Nb2 Bd7 23. Rc7) 21... Nb6 22. Nxb6 {White has more active pieces.} Bxb6 23. h4 Nf5 24. Nxf5 gxf5 25. g4 fxg4 $2 (25... f4 $14 26. Bf2 a4) 26. Rhg1 h5 27. Bg6 Rf5 {[#]} (27... a4 $16) 28. a4 ({Less strong is} 28. Bxf5 exf5 29. Kd3 a4 $14) (28. Bxh5 $1 $18 Rxh5 29. Rxg4+ Kf7 30. Rag1) 28... Kg7 $2 {[%mdl 8192] [#]} (28... Bd7 $16) 29. Bxf5 $2 (29. Bxh5 $1 $18 {[%mdl 512] is the precise move to win.} Rxh5 30. Rxg4+ Kh8 31. Bg5) 29... exf5 $16 30. Kd3 Be6 31. Rac1 Kf7 32. Rc3 Ke7 33. Bc1 Kd7 34. Rf1 Rf8 35. Ba3 ({White should try} 35. Bf4 $16) 35... Rc8 $2 (35... Rg8 $15 {stays ahead.} 36. Bc5 Bd8) 36. Rxc8 Kxc8 {[%mdl 4096] Endgame KRB-KB} 37. Ke3 Kd7 38. Bc5 Bd8 39. Rh1 Bf7 40. Kf4 Ke6 (40... Be6 $16 41. Ba3 Ke8) 41. Bd6 $18 Be8 {[#]} 42. Kg3 (42. Rc1 $1 $18 {[%cal Rc1c8] Threatens to win with Rc8.} Kd7 43. Kxf5) 42... Bd7 43. Rc1 Bb6 44. Bc5 Bd8 45. Ba7 Ke7 46. Rc3 Be6 47. Kf4 $2 (47. Rc2 $16 {and life is bright.}) 47... Kd7 $2 (47... Kf7 $17 {keeps the pressure on.} 48. Kg3 f4+ 49. Kxf4 Bxh4) 48. Rc1 $16 Ke7 49. Bb8 {Black must now prevent Bc7.} Kd7 {Prevents Bc7.} 50. Bd6 Bb6 51. Kg5 (51. Bc5 $16 Bd8 52. Rh1) 51... Bxd4 (51... Bd8+ $11 52. Kf4 (52. Kxh5 $2 g3 $19) 52... Bb6) 52. Rc7+ Kd8 53. Kf6 Bd7 54. Rxb7 f4 55. b6 {Weighted Error Value: White=0.29 (precise) /Black=0.46} 1-0

[Event "Germany Countries-chT Youth 2022"]
[Site "Wiesbaden"]
[Date "2022.10.01"]
[Round "1"]
[White "Campora, Daniel H."]
[Black "Mader, Fabian"]
[Result "1/2-1/2"]
[ECO "D00"]
[WhiteElo "2344"]
[BlackElo "1735"]
[Annotator "TA"]
[PlyCount "87"]
[EventDate "2022.09.28"]
[EventType "team-tourn"]
[EventRounds "7"]
[EventCountry "GER"]
[SourceTitle "playchess.com"]
[Source "ChessBase"]
[SourceQuality "1"]
[TimeControl "40/5400+30:1800+30"]

1. d4 Nf6 2. Nf3 g6 3. Nc3 d5 4. Bf4 Bg7 5. e3 O-O 6. Be2 b6 7. Ne5 Bb7 8. h4 Nbd7 9. h5 {[%emt 0:09:25] D00: 1 d4 d5: Unusual lines.} c5 10. hxg6 fxg6 11. Qd2 {[%emt 0:02:17] White is slightly better.} e6 12. O-O-O {[%emt 0:02:56] [#]} c4 $146 ({Black should try} 12... a6 $14) ({Predecessor:} 12... a6 13. Rh3 Re8 14. Rdh1 Nf8 15. Bg5 Qc7 16. Bf4 Qd8 17. Bh6 Bxh6 18. Rxh6 Re7 {1-0 (49) Callens,P (2279)-Sande,O (2522) ICCF email 1999}) 13. e4 {[%emt 0:08:06] White has more active pieces.} (13. Bg5 $16) 13... a6 (13... Nxe5 $14 14. Bxe5 b5) 14. Nf3 (14. Qe3 $1 $18 {has better winning chances.}) 14... b5 15. Ng5 (15. e5 $1 $16 ) 15... b4 $11 16. Nb1 Nxe4 (16... c3 {with more complications.} 17. bxc3 Nxe4 18. Nxe4 dxe4 19. cxb4 Nb6) 17. Nxe4 dxe4 18. Bxc4 (18. Qxb4 $11 Rxf4 19. Qxb7) 18... Bd5 $15 19. Bxd5 exd5 20. Bd6 a5 21. Bxf8 Qxf8 (21... Nxf8 $11 {was preferrable.} 22. f3 Bf6) 22. Qe3 $14 Nb6 {[%emt 0:01:19] [#]} (22... a4 $14) 23. Qh3 $1 $16 Qf6 {[%emt 0:03:53] Prevents Qe6+.} 24. Qxh7+ Kf7 {[%emt 0:00:33] ...Rh8 is the strong threat.} 25. Qh4 Qc6 26. f3 ({Better is} 26. Qg5 $18) 26... Rc8 $14 {[%emt 0:00:45][%csl Gc8][%cal Rc6c2] [#]} 27. Rd2 (27. Qf2 $1 $16 {And now fxe4+ would win.} e3 28. Qe2) 27... Nc4 $1 $11 28. Qf4+ ({White should play} 28. Rf2 $1 $14 Bxd4 29. fxe4+ (29. Qh7+ Kf8 $17) 29... Bxf2 30. Qxf2+ Qf6 31. Rh7+ Ke6 32. exd5+ Ke5 33. Qxf6+ Kxf6 34. Nd2) 28... Kg8 $1 29. fxe4 Nxd2 30. Qxd2 dxe4 31. c3 Qd5 32. Qe3 Bxd4 33. Qh3 Rc7 34. Rd1 Qe5 {[%emt 0:00:29] White must now prevent ...e3.} 35. Kc2 e3 {[%emt 0:00:49] Strongly threatening ...Qe4+.} 36. Qg4 {[%emt 0:00:15][%csl LRd4,LRg6] [#] Against Qe4+} e2 $1 37. Rxd4 ({Avoid the trap} 37. Qxg6+ $2 Rg7 38. Qd3 exd1=B+ $19) 37... e1=Q 38. Qxg6+ {[%emt 0:00:11] The position is equal.} Kf8 39. Rd8+ Ke7 40. Re8+ Kd7 41. Qf7+ Kd6 {[%emt 0:31:13] ( -> ...Q1e2+)} 42. Rxe5 {[%emt 0:00:44] Really sharp!} Qxe5 43. Qf8+ Kd7 {[%emt 0:00:00][%mdl 1024] Black has compensation.} 44. Qf7+ {[%emt 0:00:00] Weighted Error Value: White=0.28 (precise) /Black=0.18 (very precise)} 1/2-1/2

[Event "Germany Countries-chT Youth 2022"]
[Site "Wiesbaden"]
[Date "2022.10.01"]
[Round "1"]
[White "Boder, Jan"]
[Black "Jeschke, Jan"]
[Result "1/2-1/2"]
[ECO "E97"]
[WhiteElo "2341"]
[BlackElo "2146"]
[Annotator "TA"]
[PlyCount "138"]
[EventDate "2022.09.28"]
[EventType "team-tourn"]
[EventRounds "7"]
[EventCountry "GER"]
[SourceTitle "playchess.com"]
[Source "ChessBase"]
[SourceQuality "1"]
[TimeControl "40/5400+30:1800+30"]

1. Nf3 Nf6 2. c4 g6 3. Nc3 Bg7 4. e4 d6 5. d4 O-O 6. Be2 e5 7. O-O Nc6 8. d5 Ne7 9. b4 a5 10. Ba3 axb4 11. Bxb4 b6 12. a4 Ne8 13. a5 {[%emt 0:03:39] E97: King's Indian: Classical Main Line (6...e5 7 0-0 Nc6): 8 Be3 and 8 d5 Ne7, not 9 Ne1.} c5 14. dxc6 Nxc6 15. Qd5 Bb7 16. Qb5 (16. axb6 $15 Rxa1 17. Rxa1) 16... bxa5 $17 {[%emt 0:19:49] [#]} 17. Qxb7 $146 ({Predecessor:} 17. Ba3 Rb8 18. Rab1 Nc7 19. Qa4 Nd4 20. Nxd4 exd4 21. Nd5 Ne6 22. Rb6 Bxd5 23. Rxd6 Bxe4 24. Rxd8 Rfxd8 {0-1 (40) Steinbacher,M (2335)-Bjerring,K (2305) Copenhagen 1992}) 17... Nxb4 18. Rfd1 {[%emt 0:03:58] Against d5} Rb8 19. Qa7 Nc6 $36 {[%emt 0:00:49][%mdl 2048] Black is really pushing.} 20. Qe3 Nd4 21. Rab1 Nc7 22. Nb5 Nce6 23. Nfxd4 exd4 24. Qd2 h5 25. Rf1 a4 26. f4 (26. Rfd1 $17) 26... Nc5 $19 27. Bd3 Ra8 28. Qc2 Re8 29. Ra1 h4 30. Ra3 (30. Qd1 {was called for.}) 30... Qb6 31. f5 {[%emt 0:01:14] [#]} Be5 (31... Qc6 $1 $19 {Threatens to win with ...gxf5.} 32. Qd2 Nxd3 33. Qxd3 gxf5) 32. Qd2 $17 Kg7 {[%emt 0:00:29][%cal Oh4h3] Against Qh6+} 33. Qg5 $2 (33. Kh1 $17) 33... Bf6 $19 34. Qf4 g5 35. Qxd6 Qxd6 36. Nxd6 Reb8 37. Nb5 Rc8 38. Bc2 Be5 39. Rd1 Rd8 40. Kf2 (40. Bd3 {might work better.}) 40... d3 41. Bb1 Bb2 ({Wrong is} 41... Nxe4+ $2 42. Ke3 Nf6 43. Bxd3 $19) 42. Ra2 a3 43. Ke3 Rd7 {[%emt 0:01:23] Prevents Nc7.} 44. g3 Re8 45. gxh4 (45. f6+ $142 Bxf6 46. Bxd3) 45... Rxe4+ 46. Kf3 Rxh4 47. Nxa3 Rxh2 {[%emt 0:02:01] Hoping for ...Rd4.} 48. Nb5 {[%emt 0:00:00] Against Rd4} Kf6 49. Nc3 Kxf5 $2 (49... Rd4 50. Nd5+ Kxf5) 50. Kg3 {[%emt 0:00:00] [#]} Rc2 $1 51. Bxc2 dxc2 ({Better is} 51... Bxc3 $17 52. Bb1 Ke5) 52. Rf1+ $11 Kg6 {[%emt 0:00:09] aiming for ...Rd3+.} 53. Rxb2 Rd3+ 54. Kh2 $1 Rxc3 {[%emt 0:01:23][%mdl 4096] Endgame KRR-KRN} 55. Rc1 Rxc4 {[%emt 0:00:14] Strongly threatening ...Nd3.} 56. Rbxc2 Rh4+ 57. Kg3 Ne4+ 58. Kg2 f5 59. Rc6+ Kh5 60. R1c4 Kg4 61. Ra6 Rh3 62. Raa4 $1 Re3 63. Rcb4 Kf4 (63... Kh4 $15) 64. Rb2 {[%emt 0:00:25] The position is equal.} Rg3+ 65. Kh2 Rf3 66. Kg2 Kg4 67. Re2 Rf4 68. Re3 Rf2+ 69. Kg1 {[%emt 0:00:04] White wants to mate with Rexe4+.} Rf4 {[%emt 0:00:31] White happily takes the draw.  Weighted Error Value: White=0.32/Black=0.20 (precise)} 1/2-1/2

[Event "Germany Countries-chT Youth 2022"]
[Site "Wiesbaden"]
[Date "2022.10.01"]
[Round "1"]
[White "Huber, Benedikt"]
[Black "Kempe, Caius Emilian"]
[Result "1-0"]
[ECO "C02"]
[WhiteElo "2299"]
[BlackElo "2030"]
[Annotator "TA"]
[PlyCount "53"]
[EventDate "2022.09.28"]
[EventType "team-tourn"]
[EventRounds "7"]
[EventCountry "GER"]
[SourceTitle "playchess.com"]
[Source "ChessBase"]
[SourceQuality "1"]
[TimeControl "40/5400+30:1800+30"]

1. e4 e6 2. d4 d5 3. e5 c5 4. c3 Nc6 5. Nf3 Bd7 6. Be2 Qb6 7. O-O f6 8. dxc5 Bxc5 9. b4 {C02: French: Advance Variation.} Be7 10. Be3 Qc7 {[#]} 11. c4 $1 {White is better.} fxe5 {White must now prevent ...d4.} 12. cxd5 {[#]} Nxb4 $146 ({Predecessor:} 12... exd5 13. Qxd5 Nf6 14. Qb3 Bxb4 15. Rc1 Be7 16. Ng5 Rf8 17. Nc3 h6 18. Nb5 {1-0 (18) Svrsek,R (1916)-Basson,H (1399) LSS email 2013}) 13. dxe6 Bxe6 14. Qa4+ Nc6 {[#]} ({Black should try} 14... Bd7 15. Qb3 Nc2) 15. Nc3 $1 $16 {[%mdl 1024] White has strong compensation. White is more active.} Nf6 (15... a6 $142 16. Rad1 Qa5) 16. Ng5 $18 Bg8 17. Bf3 (17. Nb5 $18 Qb8 18. Rfd1) 17... h6 18. Nge4 {And now Nb5 would win.} Bf7 $2 {This costs Black the game.} (18... Kf8 $16 19. Rfd1 Rd8 20. Rxd8+ (20. Bxa7 Ra8 $16) 20... Bxd8) 19. Nxf6+ Bxf6 20. Nd5 Bxd5 21. Bxd5 Kf8 22. Rac1 Rc8 $2 (22... Rd8) 23. f4 exf4 24. Bc5+ {A strong pair of Bishops.} Ke8 25. Rfe1+ {White mates.} Kd8 26. Rcd1 Kd7 27. Be6+ {Weighted Error Value: White=0.13 (very precise) /Black=0.66} (27. Bxc6# $142) 1-0

[Event "Germany Countries-chT Youth 2022"]
[Site "Wiesbaden"]
[Date "2022.10.01"]
[Round "1"]
[White "Pubantz, Jan"]
[Black "Muller, Magnus"]
[Result "1/2-1/2"]
[ECO "E94"]
[WhiteElo "2273"]
[BlackElo "1464"]
[Annotator "TA"]
[PlyCount "88"]
[EventDate "2022.09.28"]
[EventType "team-tourn"]
[EventRounds "7"]
[EventCountry "GER"]
[SourceTitle "playchess.com"]
[Source "ChessBase"]
[SourceQuality "1"]
[TimeControl "40/5400+30:1800+30"]

1. d4 Nf6 2. c4 g6 3. Nc3 Bg7 4. e4 d6 5. Nf3 O-O 6. Be2 e5 7. Be3 exd4 8. Nxd4 Re8 9. Qc2 c6 10. O-O Qe7 {[%emt 0:00:32][%cal Rf6e4] E94: King's Indian: Classical: 6 Be2 e5 7 0-0: Various Black 7th moves.} 11. Bf3 Nbd7 12. h3 Ne5 {[%emt 0:12:29] ...c5 is the strong threat.} 13. Be2 Ned7 14. Bf3 Ne5 15. Be2 Ned7 16. Bd3 {[%emt 0:00:30] [#]} Ne5 $146 ({Predecessor:} 16... Nc5 17. f3 Nh5 18. Rae1 Ng3 19. Rf2 f5 20. Nde2 fxe4 21. fxe4 Ngxe4 22. Bxc5 Nxc5 23. Bxg6 hxg6 24. Qxg6 Qe6 25. Qg3 Qe3 26. Qg6 Be6 27. Nd1 Qe4 28. Qg5 Nd3 29. Rf3 Nxe1 30. Rg3 Qe5 31. Qg6 Bf7 {0-1 (27) Ozgen,T (1614)-Percin,O (1944) Manavgat 2016}) 17. Rae1 c5 18. Nde2 Bd7 (18... Nxd3 $142 19. Qxd3 Nxe4) 19. Nf4 Bc6 (19... Nxd3 {seems wilder.} 20. Qxd3 Nxe4 21. Nfd5 Qh4) 20. Nfd5 Nxd5 21. exd5 Bd7 22. Be2 f5 23. Qd2 Qh4 24. Qc1 Nf7 {[%emt 0:01:00] Inhibits Bg5.} (24... Nxc4 $2 25. g3 Qxh3 26. Bxc4 $18) 25. Kh2 {[%emt 0:09:49] [#]} (25. Bd3 $11 {remains equal.}) 25... Bd4 (25... Rxe3 $1 $17 26. Qxe3 f4) 26. Qd2 $2 {[%emt 0:05:24] [#]} (26. g3 $11 {and White stays safe.} Qf6 27. Bd3) 26... Bxe3 (26... Rxe3 $1 $19 27. fxe3 Be5+ 28. Rf4 g5) 27. fxe3 $17 Re5 {[%emt 0:00:24] Inhibits e4.} (27... Qh6 $17 28. Bd3 Re7) 28. Bd3 Rae8 29. Re2 Qe7 (29... Qg5 $15 30. Rfe1 R5e7) 30. e4 $1 $11 fxe4 31. Rxe4 Rxe4 (31... Bf5 $5 32. Ref4 Bxd3 33. Rxf7 (33. Qxd3 Re3 $11) 33... Bxf1 34. Rxe7 R8xe7 $11) 32. Bxe4 Ne5 33. b3 (33. Qf4 {looks sharper.} a6 34. Bc2 b5 35. cxb5 axb5 36. a3) 33... Rf8 34. Qe1 Rxf1 35. Qxf1 Ng4+ {[%emt 0:00:32] The position is equal.} 36. hxg4 {[%emt 0:01:18] Strongly threatening g3.} Qe5+ 37. g3 Qxc3 {[%emt 0:00:00][%mdl 4096] Endgame KQB-KQB} 38. Qf4 $1 {[%emt 0:00:10] Against Qd2+} Qd4 39. Qxd6 Qd2+ 40. Bg2 {[%emt 0:00:59] Hoping for g5.} Qh6+ 41. Kg1 {[%emt 0:01:43] Threatens to win with g5.} Qe3+ 42. Kh2 {[%emt 0:12:23] Black must now prevent g5.} Qh6+ 43. Kg1 {[%emt 0:00:37] aiming for g5.} Qe3+ 44. Kh2 {[%emt 0:01:43] And now g5 would win.} Qh6+ {[%emt 0:00:05] Weighted Error Value: White=0.25 (precise) /Black=0.18 (very precise)} 1/2-1/2

[Event "Germany Countries-chT Youth 2022"]
[Site "Wiesbaden"]
[Date "2022.10.01"]
[Round "1"]
[White "Laux, Dominik"]
[Black "Jaskulski, Jan"]
[Result "1-0"]
[ECO "B65"]
[WhiteElo "2248"]
[BlackElo "1849"]
[Annotator "TA"]
[PlyCount "101"]
[EventDate "2022.09.28"]
[EventType "team-tourn"]
[EventRounds "7"]
[EventCountry "GER"]
[SourceTitle "playchess.com"]
[Source "ChessBase"]
[SourceQuality "1"]
[TimeControl "40/5400+30:1800+30"]

1. e4 c5 2. Nf3 d6 3. d4 cxd4 4. Nxd4 Nf6 5. Nc3 Nc6 6. Bg5 e6 7. Qd2 Be7 8. O-O-O O-O 9. f4 h6 10. h4 Nxd4 11. Qxd4 Qa5 12. Kb1 e5 {[%emt 0:04:30] B65: Sicilian: Richter-Rauzer: 7...Be7 8 0-0-0 0-0 9 f4 Nxd4.} 13. Qg1 (13. Qf2 $14) 13... exf4 $11 ({Don't take} 13... hxg5 14. hxg5 Ng4 15. Nd5 $16) 14. Bxf4 Be6 {[%emt 0:00:53] [#] Prevents Bc4. Strongly threatening ...Rac8. The position is equal.} 15. Bd2 $146 {[%emt 0:21:36][%mdl 8192] [#]} ({Don't blunder} 15. Bxd6 $2 Bxd6 16. Rxd6 Nxe4 $1 17. Rxe6 fxe6 $19) (15. Bd3 $11) ({Predecessor:} 15. Bd3 d5 16. exd5 {½-½ (16) Kutuzovic,B (2396)-Vukelic,T (2249) Rabac 2003}) 15... Nxe4 $1 $19 16. a3 Nxd2+ 17. Rxd2 b5 (17... Bf6 $19 18. Qe3 Rfe8) 18. Qd4 (18. Bxb5 $2 Bf6 19. Qe3 Rab8 20. Rxd6 Bxc3 21. Qxc3 Qxc3 22. bxc3 Rxb5+ $19) 18... Bf6 {[%emt 0:18:00] This bishop pair is nice.} 19. Qb4 Qxb4 20. axb4 {[%emt 0:00:01] [#]} Bxc3 (20... a5 $1 $19 21. Nd5 Be5) 21. bxc3 $17 a6 (21... Rfc8 $15 22. Rxd6 a5) 22. Rxd6 $11 Rfc8 23. Bd3 Rxc3 24. Kb2 {[%emt 0:00:45] Prevents Ra3.} Rc7 25. Ra1 {[%emt 0:00:20][%mdl 1024] White has compensation.} Rca7 26. Be4 Re8 27. Bd3 Rea8 28. Be4 Re8 29. Rdxa6 Rxa6 30. Rxa6 {[%emt 0:00:02][%mdl 4096] Endgame KRB-KRB} Bc8 $2 (30... Bc4 $11 {and Black is okay.} 31. Bf3 Kf8) 31. Ra8 $18 Rxe4 32. Rxc8+ {[%emt 0:00:05] KR-KR} Kh7 33. Kb3 Rxh4 (33... Rg4 $16) 34. Rc5 g5 $2 (34... Rh2 $16) 35. Rxb5 Rg4 36. Rf5 Rxg2 37. Rxf7+ Kg6 {[%emt 0:02:19] [#]} 38. Rf1 {[%emt 0:00:07] Black must now prevent b5.} g4 $2 (38... Rg3+ 39. Kc4 Ra3) 39. b5 Re2 40. c4 h5 41. b6 {[%emt 0:30:53] Intending b7 and mate.} Re8 42. c5 {[%emt 0:01:20] White mates.} Rb8 43. Kc4 g3 44. Kb5 h4 45. c6 g2 46. Rg1 h3 47. c7 Rf8 48. b7 Rf1 49. c8=Q Rxg1 50. Qc2+ Kh6 51. b8=Q {[%emt 0:00:13] Weighted Error Value: White=0.19 (very precise) /Black=0.45} 1-0